 Dungeon Crawl Stone Soup version 0.16.1-7-g2c6721e (console) character file.

93704 Monkaria the Fencer (level 15, 126/129 HPs)
             Began as a Minotaur Skald on Mar 29, 2015.
             Was the Champion of Nemelex Xobeh.
             Drowned
             ... on level 4 of the Spider Nest.
             The game lasted 01:35:06 (36442 turns).

Monkaria the Fencer (Minotaur Skald)               Turns: 36442, Time: 01:35:06

Health: 126/129    AC: 22    Str: 26    XL:     15   Next: 61%
Magic:  34/34      EV: 17    Int:  9    God:    Nemelex Xobeh [******]
Gold:   2090       SH:  0    Dex: 16    Spells: 1 memorised, 15 levels left

rFire  + . .     SeeInvis .     c - +3 great sword
rCold  . . .     Clarity  .     E - +2 chain mail {MR+}
rNeg   + . .     SustAb   .     (no shield)
rPois  +         Gourm    .     (helmet unavailable)
rElec  +         Spirit   .     b - +0 cloak
rCorr  .         Warding  +     (no gloves)
rMut   .         Stasis   .     U - +2 pair of boots
MR     +++..                    t - macabre finger necklace {Ward rN+}
Stlth  ..........               X - ring of Akhlaj {MP+9 Str+5 Dex+4}
                                V - ring of poison resistance
                                L - ring of flight

@: confused, extremely resistant to hostile enchantments, extremely unstealthy
A: retaliatory headbutt, horns 3, rugged brown scales 1, fire resistance 1,
magic resistance 1, electricity resistance, MP-powered wands 1
a: Triple Draw, Deal Four, Stack Five, Renounce Religion, Evoke Flight


You were on level 4 of the Spider Nest.
You worshipped Nemelex Xobeh.
Nemelex Xobeh was exalted by your worship.
You were full.

You visited 5 branches of the dungeon, and saw 30 of its levels.
You also visited: Sewer and Volcano.

You collected 3014 gold pieces.
You spent 924 gold pieces at shops.

Inventory:

Hand weapons
 c - a +3 great sword (weapon)
 x - a +2 great sword of holy wrath
 y - the +8 battleaxe of Qecsucir {flame, rPois Dex+3}
   (You found it on level 8 of the Lair of Beasts)

   It has been specially enchanted to burn those struck by it, causing extra
   injury to most foes and up to half again as much damage against particularly
   susceptible opponents.
   Big, fiery blades are also staple armaments of hydra-hunters.
   It affects your dexterity (+3).
   It protects you from poison.
 Q - a +0 blowgun
Missiles
 a - 58 poisoned needles
Armour
 b - a +0 cloak (worn)
 E - a +2 chain mail of magic resistance (worn)
 K - a +2 plate armour of fire resistance
 U - a +2 pair of boots (worn)
Jewellery
 g - an uncursed ring of protection from magic
 t - the macabre finger necklace (around neck) {Ward rN+}
   (You found it on level 2 of the Spider Nest)

   [amulet of warding]

   It may prevent the melee attacks of summoned creatures.
   It protects you from negative energy.
 L - a ring of flight (on amulet)
 V - a ring of poison resistance (left hand)
 X - the ring of Akhlaj (right hand) {MP+9 Str+5 Dex+4}
   (You found it on level 4 of the Lair of Beasts)

   [ring of strength]

   It affects your strength (+5).
   It affects your dexterity (+4).
   It affects your magic capacity (+9).
Magical devices
 f - a wand of lightning (2)
 h - a wand of fireball (5)
 w - a wand of confusion (37)
 F - a wand of disintegration (14)
 I - a wand of draining (5)
 M - a wand of teleportation (4)
 Y - a wand of fire (6)
Scrolls
 i - 4 scrolls of identify
 j - 3 scrolls of enchant armour
 o - 7 scrolls of magic mapping
 r - 11 scrolls of teleportation
 A - 8 scrolls of blinking
 B - 8 scrolls of fog
 G - 8 scrolls of fear
 S - 4 scrolls of remove curse
Potions
 k - a potion of flight
 p - 5 potions of haste
 z - 8 potions of curing
 D - 2 potions of heal wounds
 H - 3 potions of might
 J - 2 potions of lignification
 N - a potion of ambrosia
 Z - a potion of resistance
Miscellaneous
 e - an ornate deck of war {drawn: 5}
 l - a legendary deck of destruction
 m - a legendary deck of destruction
 n - a plain deck of escape {drawn: 2}
 q - a sack of spiders
 s - a legendary deck of escape
 u - a legendary deck of escape
 v - a legendary deck of war
 C - an ornate deck of war
 O - a legendary deck of destruction
 P - a legendary deck of destruction
 R - an ornate deck of destruction
 T - an ornate deck of destruction
 W - an ornate deck of war
Comestibles
 d - 18 bread rations


   Skills:
 - Level 10.0 Fighting
 + Level 18.0 Long Blades
 - Level 17.0 Armour
 - Level 13.0 Dodging
 - Level 1.3 Spellcasting
 - Level 2.0 Charms
 - Level 11.0 Evocations


You had 15 spell levels left.
You knew the following spells:

 Your Spells              Type           Power        Failure   Level  Hunger
a - Infusion              Chrm           #.....       65%         1    ##.....


Dungeon Overview and Level Annotations

Branches:
Dungeon (13/15)            Temple (1/1) D:5            Lair (8/8) D:9
 Shoals (0/5) Lair:5       Spider (4/5) Lair:5        Slime (0/6) Lair:6
    Orc (4/4) D:9             Elf (0/3) Orc:4
 Vaults: D:13-14

Altars:
Ashenzari
Cheibriados
Dithmenos
Elyvilon
Fedhas
Gozag
Kikubaaqudgha
Makhleb
Nemelex Xobeh
Okawaru
Qazlal
Ru
Sif Muna
Trog
Vehumet
Xom
Yredelemnul
Zin
The Shining One
Beogh

Shops:
D:7 ?   D:10 *   D:13 *   Orc:2 [%*:}   Orc:4 [((}

Annotations:
Orc:4 Snorg


Innate Abilities, Weirdness & Mutations

You reflexively headbutt those who attack you in melee.
You have a pair of large horns on your head.
You are partially covered in rugged brown scales (AC +1, +3% HP).
Your flesh is heat resistant.
You are resistant to hostile enchantments.
You are resistant to electric shocks.
You expend magic power (3 MP) to slightly strengthen your wands.


Message History

The tarantella misses you.
You miss the tarantella. You headbutt the tarantella.
The tarantella is heavily wounded.
The tarantella bites you but does no damage.
You closely miss the tarantella.
The tarantella is heavily wounded.
The tarantella bites you.
You are confused.
The tarantella bites you but does no damage.
Unknown command.
The tarantella barely misses you. The tarantella bites you.
Unknown command.
Unknown command.
You hit the tarantella!!
You kill the tarantella!
You bump into the rock wall.
You float gracefully downwards.
You fall into the water!
You sink like a stone!
You drown...
You die...
Your body glows with a rainbow of weird colours and disappears.

#.≈#≈≈≈≈≈≈≈≈≈≈≈.#
#.≈≈≈≈≈.#≈≈≈≈#≈
#.≈≈≈#≈#<#≈#≈#≈≈
#.≈#≈#≈..≈≈#≈#≈ .
##.≈#≈≈≈≈≈≈≈≈≈≈≈...
#..≈≈≈#≈#≈#≈#≈≈≈...
#.#^#.≈≈≈≈≈≈≈#..##
#.#≈..≈#≈≈##≈..≈#
#.#.#.≈≈≈≈@≈≈.#.#
#.####..≈...≈≈# #.#
#..#######.....
#...$... ##^#
#########


There were no monsters in sight!

Vanquished Creatures
  Louise (Spider:3)
  2 hydras
  Fannar (Lair:5)
  Harold (D:10)
  3 death yaks
  A catoblepas (Lair:4)
  2 orc high priests (Orc:4)
  Erolcha (D:8)
  2 hill giants
  3 orb spiders (Spider:1)
  4 orc knights
  12 wolf spiders
  3 oklob plants (Lair:6)
  A hornet (Spider:1)
  An ugly thing (D:13)
  2 griffons
  4 orc sorcerers
  A black mamba (Lair:4)
  10 elephants
  A moth of wrath (Spider:2)
  3 toenail golems (Volcano)
  2 manticores
  A siren (Lair:5)
  Joseph (D:7)
  A gargoyle (D:11)
  A centaur zombie (D:13)
  3 torpor snails
  28 spiny frogs
  8 demonic crawlers
  4 komodo dragons
  2 fire drakes
  2 giant leeches
  11 jumping spiders
  A polar bear (Lair:6)
  3 two-headed ogres
  Prince Ribbit (D:7)
  4 ravens (D:13)
  2 boulder beetles
  4 trolls (Orc:3)
  21 blink frogs
  2 basilisks
  10 trapdoor spiders
  10 tarantellas
  57 yaks
  34 redbacks
  2 wyverns
  A steam dragon (Lair:2)
  7 hippogriffs
  A wraith (D:10)
  Eustachio (D:7)
  A neqoxec (Orc:3)
  7 humans
  4 vampire mosquitoes (Lair:8)
  A warg (Orc:2)
  Edmund (D:4)
  A mottled dragon (D:13)
  A soldier ant (D:12)
  14 orc warriors
  11 water moccasins
  A necrophage (D:11)
  7 porcupines
  25 spiders
  2 wasps
  2 black bears
  14 ogres
  A phantom (D:12)
  3 ice beasts
  An eye of draining (D:10)
  18 crocodiles
  3 boring beetles
  Sigmund (D:6)
  Duvessa (D:4)
  7 centaurs
  A big kobold (Sewer)
  Blork the orc (D:5)
  21 giant frogs
  7 scorpions
  2 killer bees (D:13)
  5 wights (D:6)
  3 electric eels
  Dowan (D:4)
  2 crimson imps
  A giant frog zombie (D:5)
  5 goliath beetles
  5 jellies
  Crazy Yiuf (D:3)
  29 orc priests
  A centaur skeleton (D:8)
  33 orc wizards
  A giant frog skeleton (D:13)
  10 iguanas
  Natasha (thrice) (D:6)
  10 hounds
  7 sheep
  11 worker ants
  A killer bee zombie (D:10)
  A mummy (D:10)
  Robin (D:2)
  21 adders
  9 gnolls
  68 river rats
  3 shadow imps
  3 giant mites
  2 white imps
  7 worms
  An ufetubus (D:7)
  An orc zombie (Orc:4)
  An adder zombie (D:5)
  2 adder skeletons
  4 giant geckos
  3 oozes
  138 orcs
  7 ball pythons
  2 bat skeletons
  A bat zombie (D:5)
  24 hobgoblins
  7 jackals
  22 kobolds
  16 quokkas
  19 bats
  13 giant cockroaches
  2 giant newts
  26 goblins
  18 rats
  3 ballistomycetes (D:13)
  3 fungi
  21 plants (Lair:8)
1021 creatures vanquished.

Vanquished Creatures (collateral kills)
  Rupert (Lair:7)
  Agnes (Spider:3)
  The ghost of hornqvist the Bludgeoner, a powerful NaBe of Trog (Lair:8)
  Josephine (D:10)
  A hydra (Lair:8)
  A tengu warrior (D:13)
  3 death yaks (Lair:8)
  An orc high priest (Orc:4)
  An orc knight (Orc:4)
  A wolf spider (Spider:3)
  An orc sorcerer (Orc:4)
  A hill giant (D:10)
  2 elephants (Lair:4)
  2 spiny frogs (Lair:8)
  A demonic crawler (Spider:3)
  A fire drake (Lair:6)
  A komodo dragon (D:13)
  A queen bee (D:13)
  A raven (D:10)
  2 blink frogs (Lair:8)
  A basilisk (Lair:8)
  A redback (Spider:1)
  2 vampire mosquitoes (Lair:8)
  3 wraiths (D:10)
  6 yaks (Lair:8)
  A hippogriff (Lair:8)
  An insubstantial wisp (D:11)
  4 orc warriors (Orc:4)
  An ice beast (D:11)
  3 crocodiles (Lair:8)
  2 centaurs (D:11)
  3 giant frogs (Lair:8)
  2 killer bees
  A scorpion (D:13)
  An orc wizard (Orc:4)
  2 orcs (Orc:4)
59 creatures vanquished.

Vanquished Creatures (others)
  A pandemonium lord (Lair:8)
  A very ugly thing (D:9)
  A green death (Lair:8)
  3 molten gargoyles
  3 yaktaurs
  A wind drake (Lair:8)
  2 polar bears
  A raiju (D:9)
  3 dancing weapons
  A tarantella (Spider:2)
  A redback (Spider:2)
  A basilisk (D:9)
  A water elemental (D:9)
  2 air elementals
  2 mottled dragons
  2 insubstantial wisps
  An orc wizard (Orc:4)
  3 boring beetles
  3 killer bees
  An orc priest (Orc:4)
  2 adders (D:13)
  A gnoll (D:13)
  A river rat (D:13)
  A giant mite (D:13)
  2 giant eyeballs (D:13)
  2 orcs (Orc:4)
  A giant spore (D:13)
  16 fungi
  4 plants (Lair:5)
64 creatures vanquished.

Grand Total: 1144 creatures vanquished

Notes
Turn   | Place    | Note
--------------------------------------------------------------
     0 | D:1      | Monkaria, the Minotaur Skald, began the quest for the Orb.
     0 | D:1      | Reached XP level 1. HP: 18/18 MP: 2/2
   529 | D:1      | Reached skill level 3 in Long Blades
   529 | D:1      | Reached XP level 2. HP: 25/25 MP: 2/2
  1340 | D:2      | Reached XP level 3. HP: 30/30 MP: 3/3
  1440 | D:2      | Reached skill level 4 in Long Blades
  1528 | D:2      | Noticed Robin
  1668 | D:2      | Killed Robin
  1824 | D:2      | Reached XP level 4. HP: 25/38 MP: 4/4
  2064 | D:2      | Reached skill level 5 in Long Blades
  2071 | D:2      | Found a bloodstained altar of Trog.
  2452 | D:3      | Found an opulent altar of Gozag.
  2850 | D:4      | Noticed Duvessa
  2850 | D:4      | Noticed Dowan
  2933 | D:4      | Noticed Edmund
  2949 | D:4      | HP: 2/40 [Edmund/flail of protection (5)]
  2955 | D:4      | Gained mutation: Your flesh is heat resistant. [potion of mutation]
  2955 | D:4      | Gained mutation: You expend magic power (3 MP) to slightly strengthen your wands. [potion of mutation]
  3288 | D:4      | Killed Duvessa
  3288 | D:4      | Reached skill level 6 in Long Blades
  3288 | D:4      | Reached XP level 5. HP: 16/46 MP: 1/4
  3563 | D:4      | Killed Dowan
  3774 | D:4      | Reached XP level 6. HP: 53/53 MP: 5/5
  4332 | D:4      | Reached skill level 5 in Fighting
  4332 | D:4      | Reached skill level 7 in Long Blades
  4730 | D:4      | Killed Edmund
  4730 | D:4      | Reached XP level 7. HP: 39/61 MP: 6/6
  4755 | D:4      | Noticed an ogre
  4773 | D:4      | Killed an ogre
  4773 | D:4      | Reached skill level 8 in Long Blades
  5150 | D:3      | Noticed Crazy Yiuf
  5153 | D:3      | Killed Crazy Yiuf
  5223 | D:5      | Entered Level 5 of the Dungeon
  5278 | D:5      | Noticed Blork the orc
  5282 | D:5      | Found a staircase to the Ecumenical Temple.
  5288 | D:5      | Killed Blork the orc
  5367 | Temple   | Entered the Ecumenical Temple
  5509 | Temple   | Became a worshipper of Nemelex Xobeh the Trickster
  5523 | Temple   | Received a gift from Nemelex Xobeh
  5627 | D:5      | Found a glowing drain.
  5641 | Sewer    | Entered a sewer
  5812 | Sewer    | Reached skill level 9 in Long Blades
  6407 | D:5      | Reached XP level 8. HP: 70/70 MP: 6/6
  6529 | D:5      | Got a bloodstained trident
  6530 | D:5      | Identified the +2 trident of the Beast {elec, +Rage rPois} (You found it on level 5 of the Dungeon)
  6909 | D:6      | Noticed Natasha
  6914 | D:6      | Killed Natasha
  6914 | D:6      | Reached skill level 5 in Armour
  6934 | D:6      | Noticed Sigmund
  6938 | D:6      | Killed Sigmund
  6998 | D:6      | Found an iron altar of Okawaru.
  7001 | D:6      | Noticed Natasha
  7008 | D:6      | Killed Natasha
  7205 | D:6      | Found a basalt altar of Yredelemnul.
  7468 | D:6      | HP: 3/70 [poisoned by an orc]
  7473 | D:6      | HP: 2/70 [poisoned by an orc]
  7481 | D:6      | HP: 2/70 [poisoned by an orc]
  7935 | D:6      | Noticed Natasha
  7940 | D:6      | Killed Natasha
  7999 | D:7      | Found Dizogog's Magic Scroll Emporium.
  8030 | D:7      | Bought a scroll of teleportation for 36 gold pieces
  8030 | D:7      | Bought a scroll of enchant armour for 90 gold pieces
  8030 | D:7      | Bought a scroll of remove curse for 36 gold pieces
  8030 | D:7      | Bought a scroll of identify for 24 gold pieces
  8114 | D:7      | Found a stormy altar of Qazlal.
  8143 | D:7      | Reached XP level 9. HP: 42/75 MP: 7/7
  8261 | D:7      | Noticed Eustachio
  8298 | D:7      | Killed Eustachio
  8298 | D:7      | Reached skill level 10 in Armour
  8323 | D:7      | Noticed a six-headed hydra
  8601 | D:7      | Noticed Joseph
  8612 | D:7      | Killed Joseph
  8612 | D:7      | Reached skill level 11 in Armour
  8643 | D:7      | Noticed Prince Ribbit
  8673 | D:7      | Killed Prince Ribbit
  9085 | D:8      | Reached skill level 12 in Armour
  9170 | D:8      | Noticed Erolcha
  9185 | D:8      | Killed Erolcha
  9315 | D:8      | Reached skill level 13 in Armour
  9427 | D:8      | Received a gift from Nemelex Xobeh
  9486 | D:8      | Reached XP level 10. HP: 71/83 MP: 7/7
  9648 | D:8      | Reached skill level 10 in Long Blades
  9841 | D:9      | Found a staircase to the Orcish Mines.
  9850 | D:9      | Found a staircase to the Lair.
  9851 | D:9      | Noticed an elephant
  9891 | D:8      | Killed an elephant
 10138 | D:9      | Acquired Nemelex Xobeh's first power
 10235 | D:9      | Killed a seven-headed hydra
 11291 | Lair:1   | Entered Level 1 of the Lair of Beasts
 11335 | D:10     | Entered Level 10 of the Dungeon
 11335 | D:10     | Noticed a hill giant
 11337 | D:10     | Killed a hill giant
 11396 | D:10     | Received a gift from Nemelex Xobeh
 11498 | D:10     | Received a gift from Nemelex Xobeh
 11587 | D:10     | Got a transparent plate armour
 11609 | D:10     | Identified the cursed +0 plate armour "Kazxofui" {rF- MP+9 Dex+2} (You found it on level 10 of the Dungeon)
 11837 | D:10     | Found Twaxtiniagg's Assorted Antiques.
 11838 | D:10     | Acquired Nemelex Xobeh's second power
 11849 | D:10     | Bought a scroll of teleportation for 63 gold pieces
 11849 | D:10     | Bought a scroll labeled MUTAVU NAETWA for 21 gold pieces
 11849 | D:10     | Bought a fuming purple potion for 18 gold pieces
 11928 | D:10     | Noticed Josephine
 11942 | D:10     | Noticed Harold
 11950 | D:10     | Killed Josephine
 11954 | D:10     | Killed Harold
 11959 | D:10     | Reached XP level 11. HP: 58/89 MP: 8/8
 12003 | D:10     | Received a gift from Nemelex Xobeh
 12079 | D:10     | Reached skill level 14 in Long Blades
 12467 | D:11     | Your ally Monkaria died
 12873 | D:11     | Found a runed door.
 12889 | D:11     | Received a gift from Nemelex Xobeh
 12899 | D:11     | Got a pair of crude gloves
 12905 | D:11     | Identified the cursed -4 pair of gloves "Guxtosurr" {rPois} (You found it on level 11 of the Dungeon)
 13197 | D:11     | Found a roughly hewn altar of Beogh.
 13736 | D:11     | Noticed a hill giant
 13776 | D:11     | Killed a hill giant
 14366 | D:12     | Received a gift from Nemelex Xobeh
 14440 | D:12     | Gained mutation: You are resistant to hostile enchantments. [potion of mutation]
 14440 | D:12     | Gained mutation: You have a pair of large horns on your head. [potion of mutation]
 14440 | D:12     | Gained mutation: You have supernaturally acute eyesight. [potion of mutation]
 14441 | D:12     | Lost mutation: You have supernaturally acute eyesight. [potion of mutation]
 14441 | D:12     | Gained mutation: You have an increased reservoir of magic (+10% MP). [potion of mutation]
 14684 | D:12     | Reached skill level 10 in Fighting
 14843 | D:13     | Found a burning altar of Makhleb.
 14887 | D:13     | Acquired Nemelex Xobeh's third power
 14902 | D:13     | Noticed a hill giant
 14911 | D:13     | Killed a hill giant
 15199 | D:13     | Reached skill level 5 in Dodging
 15206 | D:13     | Gained mutation: You are resistant to electric shocks. [mutagenic meat]
 15277 | D:13     | Noticed a tengu warrior
 15296 | D:13     | Found Miudich's Assorted Antiques.
 15327 | D:13     | Killed a tengu warrior
 15648 | D:13     | Bought a viscous puce potion for 30 gold pieces
 15648 | D:13     | Bought a scroll labeled TWEICI TOHAGH for 34 gold pieces
 15648 | D:13     | Bought a scroll of identify for 68 gold pieces
 15648 | D:13     | Bought a scroll labeled DIKLEUX USANUGH for 34 gold pieces
 15648 | D:13     | Bought a dented cameo amulet for 170 gold pieces
 15648 | D:13     | Bought a scroll labeled MUTAVU NAETWA for 34 gold pieces
 15648 | D:13     | Bought a scroll of identify for 68 gold pieces
 16140 | Lair:1   | Received a gift from Nemelex Xobeh
 16156 | Lair:1   | Got a pitted scale mail
 16160 | Lair:1   | Got a transparent dagger
 16173 | Lair:1   | Identified the +4 scale mail of Disaster {-Tele rF+ rC+} (You found it on level 1 of the Lair of Beasts)
 16176 | Lair:1   | Identified the +12 dagger of Rumon {pierce, Dex+5} (You found it on level 1 of the Lair of Beasts)
 16516 | Lair:1   | Reached XP level 12. HP: 86/106 MP: 9/9
 16681 | Lair:1   | Received a gift from Nemelex Xobeh
 17044 | Lair:2   | Found a dark tunnel.
 17067 | Volcano  | Entered a volcano
 17268 | Volcano  | Reached skill level 10 in Dodging
 17432 | Lair:2   | Received a gift from Nemelex Xobeh
 17790 | Lair:2   | Received a gift from Nemelex Xobeh
 18194 | Lair:1   | You fall through a shaft!
 18208 | Lair:3   | Noticed a seven-headed hydra
 18380 | Lair:3   | Killed a two-headed hydra
 18995 | Lair:3   | Received a gift from Nemelex Xobeh
 19444 | Lair:3   | Received a gift from Nemelex Xobeh
 19790 | Lair:4   | Noticed a catoblepas
 19817 | Lair:4   | Killed a catoblepas
 20325 | Lair:4   | Got a bound ivory ring
 20336 | Lair:4   | Identified the ring of Akhlaj {MP+9 Str+5 Dex+4} (You found it on level 4 of the Lair of Beasts)
 20443 | Lair:4   | Reached XP level 13. HP: 111/113 MP: 9/9
 20727 | Lair:4   | Received a gift from Nemelex Xobeh
 21743 | Lair:5   | Reached skill level 15 in Long Blades
 21979 | Lair:5   | Received a gift from Nemelex Xobeh
 22009 | Lair:5   | Found a hole to the Spider Nest.
 22306 | Lair:5   | Noticed Fannar
 22339 | Lair:5   | Killed Fannar
 22343 | Lair:5   | Found a staircase to the Shoals.
 22364 | Lair:5   | Reached skill level 16 in Long Blades
 22909 | Lair:6   | Received a gift from Nemelex Xobeh
 23308 | Lair:6   | Found a staircase to the Slime Pits.
 23377 | Lair:6   | Received a gift from Nemelex Xobeh
 23596 | Lair:7   | Noticed Rupert
 23612 | Lair:7   | Killed Rupert
 23612 | Lair:7   | Reached skill level 17 in Long Blades
 23872 | Lair:8   | Entered Level 8 of the Lair of Beasts
 23872 | Lair:8   | Received a gift from Nemelex Xobeh
 24554 | Lair:8   | Reached XP level 14. HP: 81/121 MP: 11/11
 24635 | Lair:8   | Noticed hornqvist's ghost (powerful NaBe)
 24651 | Lair:8   | Noticed Kadev the pandemonium lord
 24667 | Lair:8   | Kadev (ally) was killed the pandemonium lord
 24667 | Lair:8   | Your ally Kadev died
 24671 | Lair:8   | Reached skill level 15 in Armour
 25093 | Lair:8   | Received a gift from Nemelex Xobeh
 26338 | Lair:8   | Got a crystal battleaxe
 26353 | Lair:8   | Got a shimmering marble ring
 26411 | Lair:8   | Killed hornqvist's ghost
 27030 | Lair:8   | Received a gift from Nemelex Xobeh
 27578 | Lair:1   | Identified the +8 battleaxe of Qecsucir {flame, rPois Dex+3} (You found it on level 8 of the Lair of Beasts)
 27593 | Lair:1   | Identified the ring "Pionk" {rF+ rN++ MP-9 Str-5 Dex+6} (You found it on level 8 of the Lair of Beasts)
 27621 | Orc:1    | Entered Level 1 of the Orcish Mines
 27744 | Orc:1    | Reached skill level 1 in Evocations
 27912 | Orc:2    | Found Thosu's Gadget Boutique.
 28115 | Orc:2    | Found Ataqia's Assorted Antiques.
 28121 | Orc:2    | Received a gift from Nemelex Xobeh
 28127 | Orc:2    | Bought a scroll of identify for 44 gold pieces
 28127 | Orc:2    | Bought a potion of curing for 66 gold pieces
 28127 | Orc:2    | Bought a jewelled gold wand for 88 gold pieces
 28136 | Orc:2    | Found Jaajuasu's Food Shoppe.
 28258 | Orc:2    | Found Coaqulam's Armour Shop.
 28730 | Orc:3    | Found a roughly hewn altar of Beogh.
 28856 | Orc:3    | Received a gift from Nemelex Xobeh
 28945 | Orc:2    | Found Pnu Jong's Book Shoppe.
 29266 | Orc:3    | Lost mutation: You have an increased reservoir of magic (+10% MP). [a neqoxec]
 29273 | Orc:3    | Gained mutation: You are partially covered in rugged brown scales (AC +1, +3% HP). [a neqoxec]
 29482 | Orc:4    | Entered Level 4 of the Orcish Mines
 29770 | Orc:4    | Found Ahu Lalu's Gadget Shoppe.
 29795 | Orc:4    | Reached skill level 5 in Evocations
 30132 | Orc:4    | Received a gift from Nemelex Xobeh
 30287 | Orc:4    | Noticed Snorg
 30609 | Orc:4    | Found Skoajile's Weapon Shop.
 30617 | Orc:4    | Found Aghysoocoz's Weapon Shop.
 30640 | Orc:4    | Found Bycwut's Armour Shoppe.
 30699 | Orc:4    | Found a staircase to the Elven Halls.
 31116 | Spider:1 | Entered Level 1 of the Spider Nest
 31704 | Spider:1 | Reached XP level 15. HP: 118/129 MP: 22/22
 31884 | Spider:1 | Got a polished ring mail
 31895 | Spider:1 | Identified the cursed -1 ring mail of Xom's Righteous Anger {rPois rN+ Regen+ Str+3 Dex-2} (You found it on level 1 of the Spider Nest)
 31985 | Spider:1 | Received a gift from Nemelex Xobeh
 33690 | Spider:2 | Reached skill level 10 in Evocations
 34398 | Spider:2 | Received a gift from Nemelex Xobeh
 34401 | Spider:2 | Identified a scroll of acquirement
 35785 | Spider:3 | Noticed Louise
 35806 | Spider:3 | Killed Louise
 35999 | Spider:3 | Noticed Agnes
 36008 | Spider:3 | Killed Agnes
 36346 | Spider:4 | Received a gift from Nemelex Xobeh
 36374 | Spider:3 | Reached skill level 18 in Long Blades
 36442 | Spider:4 | Drowned

Action                   |  1- 3 |  4- 6 |  7- 9 | 10-12 | 13-15 || total
-------------------------+-------+-------+-------+-------+-------++-------
Melee: Falchion          |    81 |   164 |   416 |   871 |  1823 ||  3355
       Unarmed           |     9 |       |       |       |       ||     9
       Trident           |       |       |    28 |    17 |       ||    45
       Broad axe         |       |       |       |     9 |       ||     9
       Great sword       |       |       |       |       |    76 ||    76
 Fire: Blowgun           |       |       |       |     4 |       ||     4
 Cast: Infusion          |       |     2 |       |     1 |       ||     3
 Abil: Evoke Flight      |       |       |       |       |     1 ||     1
Evoke: Deck              |       |       |     2 |    42 |    65 ||   109
       Wand              |       |       |       |     2 |       ||     2
  Use: Potion            |       |     5 |     1 |     7 |     8 ||    21
       Scroll            |       |     2 |     6 |    16 |    13 ||    37
 Stab: Confused          |       |       |     1 |       |       ||     1
       Distracted        |       |       |       |       |     4 ||     4
       Held in net/web   |       |       |       |       |     3 ||     3
  Eat: Chunk             |     3 |     9 |    16 |    34 |    61 ||   123
       Royal jelly       |       |       |       |     1 |     1 ||     2
       Beef jerky        |       |       |       |       |     1 ||     1
